[Event "FIDE Women's Grand Swiss 2023"]
[Site "Villa Marina, Douglas, Isle of Man, Isle Of Man"]
[Date "2023.11.04"]
[Round "10.9"]
[White "Wagner, Dinara"]
[Black "Goryachkina, Aleksandra"]
[Result "1/2-1/2"]
[TimeControl "40/90 + 30 + 30s/move"]
[WhiteFideId "24157570"]
[BlackFideId "4147103"]
[WhiteElo "2461"]
[BlackElo "2558"]

1. d4 d5 2. c4 c6 3. Nf3 Nf6 4. e3 Bf5 5. cxd5 cxd5 6. Qb3 Qc7 7. Bd2 e6 8. Bb5+ Nc6 9. O-O Bd6 10.
Bb4 O-O 11. Bxd6 Qxd6 12. Rc1 Rfc8 13. Nbd2 Ne7 14. Ne5 Ng4 15. Nef3 Nf6 16. Ne5 Ng4 17. Nef3 Nf6 18. h3 Ne4 19.
Nxe4 Bxe4 20. Nd2 Bg6 21. Bf1 Rc7 22. Rc3 Rac8 23. Rac1 h6 24. Nf3 Be4 25. Ne5 Rxc3 26. Rxc3 Rxc3 27.
Qxc3 f6 28. Nd3 Bxd3 29. Bxd3 Kf7 30. Qc5 Qb8 31. e4 1/2-1/2